AoeStats
← Nemecek

African Clearing

506535230Analyzed
4v4 RM · 18d ago on Sep 13, 2026· 46m 29s· 8 players
Game mode
Random Map
Map size
Large (8 player)
Population
200
Speed
Normal
Resources
Standard
Victory
Conquest
Starting age
Dark Age
Ending age
Imperial Age
RankedLock teamsTeams togetherTeam positionsShared explorationLock speedFull tech treeHidden civsTurbo modeCheats
Victory
Defeat
🇮🇳 Mongols · India
1429
+9
🇩🇪 Shu · Germany
1396
+10
🇧🇷 Teutons · Brazil
1380
+11
🇵🇪 Burgundians · Peru
1153
+19
🇨🇱 Spanish · Chile
1299
-14
🇷🇺 Vietnamese · Russia
1267
-13
1258
-12
🇬🇧 Huns · United Kingdom
1195
-10
Мордочка в кефире
13:04 Feudal Age
16:35 Castle Age
15:21 Loom
16:54 Fletching
26:24 Bodkin Arrow
31:53 Horse Collar
36:24 Stone Mining
NoobSB
8:53 Loom
12:30 Feudal Age
24:00 Castle Age
Nemecek
10:57 Loom
13:04 Feudal Age
17:19 Castle Age
17:21 Double-Bit Axe
19:21 Padded Archer Armor
24:46 Town Watch
29:02 Wheelbarrow
29:47 Husbandry
31:43 Bloodlines
32:33 Leather Archer Armor
33:23 Bow Saw
34:20 Hand Cart
39:47 Imperial Age
38:44 Scale Barding Armor
38:50 Forging
40:30 Chain Barding Armor
39:56 Cavalier
42:31 Plate Barding Armor
43:45 Iron Casting
impossible
12:02 Loom
14:52 Feudal Age
21:01 Town Watch
23:48 Castle Age
22:13 Forging
23:18 Scale Mail Armor
23:23 Double-Bit Axe
23:22 Horse Collar
25:09 Wheelbarrow
25:16 Fletching
26:55 Bow Saw
Catiorão
4:21 Loom
13:21 Feudal Age
14:37 Wheelbarrow
13:50 Double-Bit Axe
19:18 Castle Age
19:00 Scale Barding Armor
19:06 Forging
26:08 Hand Cart
29:43 Chain Barding Armor
33:48 Bloodlines
34:42 Iron Casting
45:00 Imperial Age
43:41 Gold Mining
43:38 Horse Collar
45:03 Cavalier
46:54 Plate Barding Armor
47:30 Blast Furnace
Topspin
9:03 Loom
11:23 Feudal Age
12:20 Double-Bit Axe
12:39 Horse Collar
17:03 Bloodlines
17:44 Wheelbarrow
18:47 Scale Barding Armor
19:19 Scale Barding Armor
25:40 Castle Age
24:49 Gold Mining
25:14 Forging
25:43 Light Cavalry
26:44 Chain Barding Armor
36:55 Hand Cart
37:12 Fletching
38:19 Bodkin Arrow
38:52 Ballistics
39:24 Heavy Plow
40:00 Gold Shaft Mining
39:16 Stone Mining
40:07 Padded Archer Armor
40:15 Husbandry
44:46 Imperial Age
43:00 Leather Archer Armor
45:30 Bracer
46:32 Chemistry
44:53 Capped Ram
45:27 Elite Mangudai
45:54 Siege Ram
47:04 Drill
RSpartan18
7:45 Loom
10:34 Double-Bit Axe
14:58 Feudal Age
16:21 Bow Saw
27:13 Castle Age
25:35 Fletching
25:50 Gold Mining
28:06 Bodkin Arrow
29:12 Crossbowman
34:43 Wheelbarrow
39:03 Hand Cart
40:35 Town Watch
40:40 Treadmill Crane
40:49 Elite Skirmisher
41:42 Padded Archer Armor
42:16 Ballistics
42:00 Town Patrol
43:15 Leather Archer Armor
47:06 Imperial Age
GleeF
11:34 Feudal Age
13:27 Double-Bit Axe
16:06 Fletching
17:05 Wheelbarrow
20:18 Castle Age
21:11 Bow Saw
20:32 Crossbowman
24:52 Loom
26:16 Bodkin Arrow
30:00 Horse Collar
36:54 Imperial Age
35:16 Ballistics
35:21 Hand Cart
35:33 Padded Archer Armor
35:46 Gold Mining
37:15 Leather Archer Armor
37:10 Arbalester
37:56 Bracer
39:15 Chemistry
40:46 Bolt Magazine
41:44 Thumb Ring
42:52 Ring Archer Armor
43:18 Siege Engineers
44:00 Town Watch
Connection lost

Rejoining the realm…

Still unreachable

The connection could not be restored.

Session expired

The server has moved on; the page needs a fresh start.